 Dungeon Crawl Stone Soup version 0.23-a0-73-g64c3ba73d4 (webtiles) character file.

370 Holzbalken the Cudgeler (level 6, -3/37 HPs)
             Began as a Gargoyle Monk on Aug 10, 2018.
             Was a Believer of Qazlal.
             Slain by an ogre
             ... wielding a +0 giant club
              (16 damage)
             ... on level 4 of the Dungeon.
             The game lasted 00:10:52 (2891 turns).

Holzbalken the Cudgeler (Gargoyle Monk)             Turns: 2891, Time: 00:10:53

Health: -3/37      AC: 14    Str: 16      XL:     6   Next: 70%
Magic:  6/6        EV:  5    Int: 11      God:    Qazlal [**....]
Gold:   129        SH:  3    Dex: 11 (12) Spells: 5/5 levels left

rFire    . . .     SeeInvis .   a - +0 mace
rCold    . . .     Gourm    .   (no shield)
rNeg     + . .     Faith    .   m - +0 plate armour (curse)
rPois    ∞         Spirit   .   (no helmet)
rElec    +         Reflect  .   (no cloak)
rCorr    .         Harm     .   (no gloves)
MR       .....                  (no boots)
Stlth    ..........             (no amulet)
HPRegen  0.12/turn              (no ring)
MPRegen  0.10/turn              (no ring)

@: no status effects
A: negative energy resistance 1, electricity resistance, unbreathing,
petrification resistance, rot immunity, AC +4
a: Upheaval, Renounce Religion


You were on level 4 of the Dungeon.
You worshipped Qazlal.
Qazlal was pleased with you.
You were hungry.

You visited 1 branch of the dungeon, and saw 4 of its levels.

You collected 129 gold pieces.

Inventory:

Hand Weapons
 a - a +0 mace (weapon)
Armour
 b - a +0 robe
 i - a +0 chain mail
 m - a cursed +0 plate armour (worn)
Jewellery
 h - a +3 ring of slaying {unknown}
 n - an uncursed ring of protection from cold {unknown}
Scrolls
 d - 3 scrolls of teleportation {unknown}
 e - 6 scrolls of identify {unknown}
 f - a scroll of enchant weapon {unknown}
 l - a scroll of random uselessness {unknown}
Potions
 g - a potion of flight {unknown}
 j - a potion of berserk rage {unknown}
 k - a potion of degeneration {unknown}
 o - a potion of lignification {unknown}
 p - 2 potions of curing {unknown}
Comestibles
 c - 6 rations


   Skills:
 - Level 3.2 Fighting
 + Level 7.3 Maces & Flails
 - Level 2.4 Dodging
 - Level 2.1 Stealth


You had 5 spell levels left.
You didn't know any spells.
Your spell library contained the following spells:

 Spells                   Type           Power        Failure   Level  Hunger
 Animate Dead             Necr           N/A          100%        4    #####..
 Pain                     Necr           #...         100%        1    ##.....
 Animate Skeleton         Necr           N/A          100%        1    ##.....
 Vampiric Draining        Necr           #.........   100%        3    ####...
 Regeneration             Chrm/Necr      #.........   100%        3    ####...


Dungeon Overview and Level Annotations

Branches:
Dungeon (4/15)
 Temple: D:4-7

Altars:
Qazlal
Wu Jian

Annotations:
D:3 3 runed doors, NeAGen181's ghost, amateur HOFi
D:4 Eustachio


Innate Abilities, Weirdness & Mutations

You are resistant to torment.
Your stone body is resilient. (AC +4)
You are immune to poison.
You resist negative energy. (rN+)
You are resistant to electric shocks. (rElec)
You can survive without breathing.
You are immune to petrification.
You are immune to rotting.


Message History

An ogre comes into view. It is wielding a giant club.
You block the ogre's attack.
You hit the ogre.
The ogre is lightly wounded.
The ogre barely misses you.
You sock the ogre!
The ogre is moderately wounded.
The ogre hits you with a giant club!
You hit the ogre.
The ogre is heavily wounded.
The ogre hits you but does no damage.
You hit the ogre but do no damage.
The ogre is heavily wounded.
You hit the ogre but do no damage.
The ogre is heavily wounded.
The ogre hits you with a giant club. x2
You hit the ogre.
The ogre is heavily wounded.
The ogre hits you but does no damage. The ogre hits you with a giant club!
You die...

#.###55###### .....
#......# #.#... ##..#b##
#####.....# ##..5#
##(......>.. ####...##
###..#.#......
#.....w####...()...#....
#.###.......##<##.## ...
# #......###..# .# .
......###....@## ##
#..#### ##..§OO.....#
...# #.##..#.###. ...
#.##... .. #. ........
..# . .####... .. #.
.... . ....#


You could see 2 ogres.

Vanquished Creatures
  An ogre (D:4)
  A centaur (D:4)
  2 orc wizards (D:3)
  7 adders
  An ooze (D:1)
  2 worms
  2 dart slugs
  6 orcs (D:3)
  4 ball pythons
  5 giant cockroaches
  5 goblins
  6 hobgoblins
  A quokka (D:2)
  12 bats
  6 frilled lizards
  7 kobolds
  7 rats
75 creatures vanquished.

Notes
Turn   | Place    | Note
-------+----------+-------------------------------------------
     0 | D:1      | Holzbalken the Gargoyle Monk began the quest for the Orb.
     0 | D:1      | Reached XP level 1. HP: 14/14 MP: 1/1
   136 | D:1      | Reached XP level 2. HP: 10/19 MP: 2/2
   451 | D:1      | Reached skill level 4 in Maces & Flails
   674 | D:1      | Reached XP level 3. HP: 23/23 MP: 3/3
  1075 | D:2      | Found an ornate altar of the Wu Jian Council.
  1172 | D:2      | Found a stormy altar of Qazlal.
  1180 | D:2      | Became a worshipper of Qazlal Stormbringer
  1180 | D:2      | Reached * piety under Qazlal
  1180 | D:2      | Reached ** piety under Qazlal
  1293 | D:2      | Reached XP level 4. HP: 26/28 MP: 4/4
  1418 | D:2      | Reached skill level 5 in Maces & Flails
  1904 | D:3      | Reached XP level 5. HP: 29/32 MP: 5/5
  2010 | D:3      | Found a runed gate.
  2010 | D:3      | Found a runed gate.
  2010 | D:3      | Found a runed gate.
  2088 | D:3      | Noticed NeAGen181's ghost (amateur HOFi)
  2225 | D:3      | Reached skill level 6 in Maces & Flails
  2574 | D:4      | Noticed a centaur
  2588 | D:4      | Killed a centaur
  2588 | D:4      | Reached XP level 6. HP: 29/37 MP: 6/6
  2600 | D:4      | Noticed Eustachio
  2601 | D:4      | Reached skill level 7 in Maces & Flails
  2891 | D:4      | Slain by an ogre

Vault maps used:
D:1:      sevenhm_arrival_forest_fort_large_2
D:2:      lemuel_coloured_pillars_altar, lemuel_round_altar, first_ration,
          kennysheep_generic_room_3
D:3:      gammafunk_ghost_icy, fountainhead, serial_bayou_ford_a
D:4:      yredelemnul_altar_generic, uniq_eustachio

Skill      XL: |  1  2  3  4  5  6 |
---------------+-------------------+-----
Maces & Flails | 4 5 6 7 |  7.3
Fighting       | |  3.2
Dodging        | |  2.4
Stealth        | |  2.1

Action                   |  1- 3 |  4- 6 || total
-------------------------+-------+-------++-------
Melee: Mace              |   156 |   152 ||   308
  Eat: Chunk             |     1 |     5 ||     6
Armor: Robe              |    11 |       ||    11
       Chain mail        |   102 |       ||   102
       Plate armour      |    45 |   202 ||   247
Dodge: Dodged            |    85 |    50 ||   135
Block: Other             |     2 |    24 ||    26

Table legend:
 A = Non-vault XP
 B = Vault XP
 C = Vault XP percentage of total XP
 D = Non-vault monster count
 E = Vault monster count
 F = Vault count percentage of total count
 G = Total turns spent on level
                 A         B        C        D         E       F
            +---------+---------+-------+---------+---------+-------
      Total |     527 |       2 |   0.4 |      74 |       1 |   1.3
            +---------+---------+-------+---------+---------+-------
        D:1 |      53 |       0 |   0.0 |      29 |       0 |   0.0
        D:2 |      99 |       2 |   2.0 |      23 |       1 |   4.2
        D:3 |     146 |       0 |   0.0 |      19 |       0 |   0.0
        D:4 |     229 |       0 |   0.0 |       3 |       0 |   0.0
            +---------+---------+-------+---------+---------+-------
